 Dungeon Crawl Stone Soup version 0.17-a0-1685-g57e755e (webtiles) character file.

32 dynamoDes the Magician (level 3, 0/24 HPs)
             Began as a Demonspawn Wizard on Aug 19, 2015.
             Succumbed to an adder's poison
             ... on level 2 of the Dungeon.
             The game lasted 00:13:55 (1070 turns).

dynamoDes the Magician (Demonspawn Wizard)          Turns: 1070, Time: 00:13:56

Health: 0/24       AC:  4    Str:  7    XL:     3   Next: 8%
Magic:  0/8        EV: 12    Int: 20    God:
Gold:   71         SH:  0    Dex: 11    Spells: 2 memorised, 6 levels left

rFire  . . .     SeeInvis .     q - +0 short sword
rCold  . . .     Clarity  .     a - +0 robe
rNeg   . . .     SustAt   .     (no shield)
rPois  .         Gourm    .     b - +0 hat
rElec  .         Spirit   .     (no cloak)
rCorr  .         Warding  .     (no gloves)
rMut   .         Stasis   .     (no boots)
MR     .....                    (no amulet)
Stlth  ++........               (no ring)
                                (no ring)

@: lethally poisoned (0 -> -2), not resistant to hostile enchantments,
unstealthy
A: yellow scales 1, rot immunity
a: no special abilities


You were on level 2 of the Dungeon.
You were hungry.

You visited 1 branch of the dungeon, and saw 2 of its levels.

You collected 71 gold pieces.

Inventory:

Hand weapons
 k - a +0 hunting sling
 n - a +0 trident
 q - a +0 short sword (weapon)
Missiles
 v - 25 stones (quivered)
Armour
 a - a +0 robe (worn)
 b - a +0 hat (worn)
Scrolls
 e - a scroll of enchant armour {unknown}
Books
 c - a book of Minor Magic

   Spells                             Type                      Level
   a - Magic Dart                     Conjuration                  1
   b - Blink                          Translocation                2
   c - Call Imp                       Summoning                    2
   d - Repel Missiles                 Charms/Air                   2
   e - Slow                           Hexes                        2
   f - Conjure Flame                  Conjuration/Fire             3
   g - Mephitic Cloud                 Conjuration/Poison/Air       3
Comestibles
 d - 2 bread rations
 i - a meat ration
 j - a slice of pizza


   Skills:
 + Level 2.0 Dodging
 + Level 2.0 Stealth
 + Level 3.6 Spellcasting
 + Level 1.6 Conjurations
   Level 1.0 Summonings
 + Level 0.8 Translocations


You had 6 spell levels left.
You knew the following spells:

 Your Spells              Type           Power        Failure   Level  Hunger
a - Magic Dart            Conj           ##..         10%         1    None
b - Blink                 Tloc           N/A          17%         2    ##.....


Dungeon Overview and Level Annotations

Branches:
Dungeon (2/15)

Altars:


Innate Abilities, Weirdness & Mutations

You are partially covered in yellow scales (AC +2).
You are immune to rotting.


Message History

You feel sick. The goblin hits you but does no damage.
You hit the goblin.
The goblin is moderately wounded.
The goblin hits you but does no damage.
You hit the goblin.
The goblin is heavily wounded.
The goblin barely misses you.
You are feeling hungry.
You completely miss the goblin.
The goblin is heavily wounded.
The goblin hits you with a dagger.
* * * LOW HITPOINT WARNING * * *
Casting: Magic Dart
Confirm with . or Enter, or press ? or * to list all spells.
Aiming: Magic Dart
Press: ? - help, Shift-Dir - straight line, f - goblin
Aim: a goblin, wielding a dagger (heavily wounded)
The magic dart hits the goblin.
The goblin is severely wounded.
You die...

#.# #.# #
#.# # #.#
#.# # #.#
#.# .....
#.# #.#
##### #.#
#.# #.#
#.#####
#.#
#<...@#
#.##
#####g#
...# ...#
#..#######
#...#
.........#
.....
#..#####.#
.......
#..## #.#
.......#
#...## #.#
###.(.###
#..#.###.#
#


You could see a goblin.

Vanquished Creatures
  An adder (D:2)
  A giant gecko (D:1)
  4 bats (D:1)
  A giant cockroach (D:2)
  3 goblins (D:1)
  3 hobgoblins
  4 kobolds (D:1)
  3 giant newts (D:1)
20 creatures vanquished.

Notes
Turn   | Place    | Note
--------------------------------------------------------------
     0 | D:1      | dynamoDes the Demonspawn Wizard began the quest for the Orb.
     0 | D:1      | Reached XP level 1. HP: 13/13 MP: 4/4
   376 | D:1      | Gained mutation: You are partially covered in yellow scales (AC +2). [demonic ancestry]
   376 | D:1      | Reached XP level 2. HP: 14/19 MP: 0/6
   441 | D:1      | You fall through a shaft!
   930 | D:1      | Learned a level 2 spell: Blink
  1064 | D:2      | Gained mutation: You are immune to rotting. [demonic ancestry]
  1064 | D:2      | Reached XP level 3. HP: 7/24 MP: 0/8
  1069 | D:2      | HP: 1/24 [goblin/dagger (2)]
  1070 | D:2      | Succumbed to an adder's poison

Vault maps used:
D:1:      roderic_dead_forest, hex_large
D:2:      grunt_temple_overflow_open

Action                   || total
-------------------------++-------
Melee: Club              ||    36
       Short sword       ||    12
 Cast: Magic Dart        ||    50
  Use: Potion            ||     4
       Scroll            ||     2
